Map: Oxide LE

Players

Lambo

  • Race: Zerg Zerg

Dream - Winner!

  • Race: Terran Terran

Event: DreamHack SC2 Masters 2021 Summer

VOD

Have the link to the VOD?

Description

Time

  • Played on: July 1, 2021, 11:58 a.m.
  • Length: 31:20

All games in this series

Show
View Real Time Build Order
Export as new Build Order

Lambo Zerg 

Build Orders: Hatch First, Lurkers 

Get SALT Encoding   

  12  0:00  Drone  
  13  0:12  Overlord  
  13  0:17  Drone  
  14  0:30  Drone x2  
  16  0:47  Hatchery  
  15  0:50  Drone  
  15  0:54  Drone  
  17  0:57  Drone  
  18  1:08  Extractor  
  17  1:12  Spawning Pool  
  17  1:15  Drone  
  17  1:19  Drone  
  18  1:32  Drone  
  20  1:59  Queen x2  
  20  2:00  Zergling x2  
  25  2:01  Drone x3  
  28  2:13  Spine Crawler  
  23  2:29  Drone  
  23  2:33  Drone  
  24  2:39  Drone  
  25  2:44  Drone  
  25  2:49  Extractor  
  26  2:51  Drone  
  26  2:53  Drone  
  26  2:58  Overlord  
  27  3:01  Drone  
  28  3:16  Overlord  
  28  3:17  Drone x4  
  28  3:19  Drone  
  33  3:26  Overlord  
  34  3:27  Drone  
  34  3:29  Drone  
  35  3:37  Drone  
  36  3:44  Drone x3  
  36  3:46  Drone  
  36  3:47  Drone x2  
  42  3:51  Drone  
  42  3:53  Drone  
  42  3:55  Metabolic Boost  
  43  4:01  Overlord  
  43  4:09  Hatchery  
  42  4:14  Queen  
  44  4:19  Overlord  
  44  4:20  Baneling Nest  
  44  4:24  Queen  
  43  4:26  Drone  
  43  4:30  Zergling x4  
  48  4:33  Drone x2  
  48  4:34  Drone  
  48  4:37  Extractor  
  50  4:40  Zergling x6  
  50  4:41  Zergling x2  
  54  4:48  Zergling x2  
  54  4:51  Queen  
  57  4:53  Drone x3  
  57  4:57  Overlord  
  60  5:00  Overlord  
  60  5:09  Overlord  
  60  5:10  Lair  
  60  5:15  Drone  
  60  5:18  Drone x2  
  60  5:21  Drone, Queen  
  64  5:24  Drone x3  
  69  5:28  Drone x2  
  69  5:32  Drone x4  
  75  5:38  Spore Crawler x2  
  75  5:40  Drone, Spore Crawler  
  75  5:41  Drone  
  72  5:43  Drone  
  72  5:49  Drone  
  72  5:50  Drone  
  72  5:55  Drone  
  72  6:04  Drone x5  
  72  6:05  Drone x2  
  72  6:08  Centrifical Hooks  
  72  6:10  Extractor x2  
  77  6:11  Drone x4  
  77  6:13  Zergling x2, Evolution Chamber  
  77  6:14  Evolution Chamber  
  77  6:15  Overseer  
  80  6:23  Drone x3  
  83  6:31  Hatchery  
  82  6:34  Zergling x12  
  82  6:39  Overlord  
  88  6:42  Zerg Melee Weapons Level 1, Zerg Ground Armor Level 1  
  88  6:44  Zergling x4  
  88  6:46  Overlord x2  
  90  6:47  Overlord  
  90  6:49  Overlord  
  90  6:52  Overlord  
  89  6:58  Zergling x6  
  90  7:02  Zergling x2  
  90  7:06  Zergling x2  
  90  7:07  Zergling x10  
  93  7:09  Zergling x2  
  93  7:13  Zergling x10  
  99  7:19  Queen  
  101  7:24  Drone x3  
  104  7:31  Baneling x6  
  104  7:36  Drone x5  
  109  7:41  Hatchery  
  108  7:44  Queen  
  108  7:45  Zergling x6  
  108  7:47  Baneling x2  
  108  7:51  Baneling x12  
  113  7:52  Zergling x4  
  111  7:58  Zergling x10  
  111  7:59  Zergling x2  
  116  8:08  Zergling x16  
  123  8:16  Zergling x6  
  123  8:18  Queen x3  
  124  8:20  Zergling x2  
  124  8:25  Zergling x6  
  124  8:26  Baneling x4  
  128  8:31  Zergling x16  
  128  8:32  Zergling x2  
  131  8:37  Zergling x6  
  131  8:40  Zergling x2  
  131  8:41  Zergling x2  
  131  8:43  Zergling x2  
  131  8:45  Zergling x2  
  125  8:50  Zerg Ground Armor Level 2, Zerg Melee Weapons Level 2  
  125  8:53  Drone x3  
  125  8:54  Infestation Pit  
  127  8:58  Drone x3, Queen  
  127  9:02  Drone x2  
  134  9:04  Hatchery  
  134  9:09  Overlord  
  133  9:11  Drone x7  
  140  9:17  Overseer  
  140  9:18  Baneling x8  
  140  9:19  Zergling x2  
  140  9:20  Zergling x8  
  140  9:22  Drone x2  
  147  9:29  Extractor  
  147  9:30  Drone x3  
  149  9:33  Hydralisk Den  
  149  9:35  Zergling x18  
  155  9:41  Drone x6  
  154  9:47  Zergling x10  
  154  9:48  Baneling x6  
  154  9:51  Hive  
  157  9:53  Baneling x2, Overlord  
  157  9:56  Overlord  
  157  9:58  Overlord  
  157  9:59  Baneling x7  
  157  10:00  Baneling  
  157  10:01  Overlord  
  157  10:04  Overlord  
  157  10:05  Overlord  
  157  10:09  Overlord  
  157  10:11  Zergling x2  
  157  10:12  Overlord  
  157  10:14  Baneling x9  
  158  10:17  Overlord  
  158  10:19  Zergling x20  
  168  10:23  Zergling x10  
  168  10:24  Overlord  
  168  10:26  Zergling x2  
  171  10:31  Zergling x8  
  171  10:35  Zergling x2  
  158  10:38  Drone  
  158  10:42  Lurker Den  
  158  10:51  Extractor  
  158  10:55  Extractor, Spore Crawler  
  158  10:56  Drone x7, Spore Crawler  
  161  10:58  Extractor  
  161  10:59  Extractor  
  161  11:00  Zergling x12  
  162  11:13  Extractor  
  162  11:14  Hydralisk x9  
  162  11:15  Spore Crawler  
  162  11:16  Zerg Missile Weapons Level 1  
  154  11:28  Hydralisk x3  
  154  11:31  Muscular Augments  
  154  11:32  Zergling x26  
  168  11:41  Seismic Spines  
  168  11:43  Zergling x22, Overseer  
  178  11:55  Viper  
  178  11:56  Viper  
  184  12:01  Zergling x24  
  184  12:02  Zergling x6  
  184  12:03  Lurker  
  200  12:14  Hatchery  
  199  12:20  Adrenal Glands  
  199  12:26  Spore Crawler  
  199  12:28  Lurker  
  199  12:29  Lurker  
  200  12:36  Overseer  
  200  12:38  Adaptive Talons  
  200  12:40  Spore Crawler  
  200  12:41  Lurker, Spore Crawler  
  200  12:42  Grooved Spines  
  198  12:44  Overseer  
  198  12:48  Zerg Ground Armor Level 3  
  198  12:58  Lurker  
  199  12:59  Baneling x8  
  199  13:10  Zerg Melee Weapons Level 3  
  196  13:15  Zergling x6  
  183  13:44  Zergling x32  
  181  13:53  Pneumatized Carapace  
  175  14:06  Viper  
  175  14:08  Zergling x54  
  188  14:18  Lurker  
  188  14:22  Spire  
  188  14:24  Hatchery, Zergling x22  
  188  14:25  Zergling x2  
  198  14:37  Baneling x7  
  197  14:38  Zergling x4  
  197  14:44  Baneling x12  
  199  14:56  Baneling x12  
  195  15:19  Zergling x36  
  194  15:25  Zergling x24  
  175  15:32  Hydralisk, Lurker x6  
  175  15:33  Hydralisk x3  
  175  15:35  Pathogen Glands, Greater Spire  
  182  15:37  Spire  
  182  15:40  Baneling x12, Hydralisk  
  182  15:41  Hydralisk x4  
  191  15:47  Baneling x9  
  191  15:49  Zergling x12  
  197  15:55  Zergling x4  
  187  16:11  Viper x3  
  187  16:16  Drone x12  
  181  16:27  Zerg Missile Weapons Level 2  
  181  16:32  Neural Parasite  
  181  16:39  Spore Crawler  
  163  16:41  Extractor x2, Spore Crawler  
  163  16:45  Corruptor x11  
  175  16:55  Drone x3  
  175  16:57  Zerg Flyer Armor Level 1, Zerg Flyer Weapons Level 1  
  169  17:04  Infestor x3  
  175  17:16  Overseer x2  
  175  17:21  Brood Lord x6  
  187  17:42  Brood Lord x4  
  186  18:05  Brood Lord  
  187  18:07  Corruptor x2  
  187  18:08  Zergling x2  
  187  18:09  Zergling x16  
  196  18:23  Infestor  
  196  18:24  Infestor  
  200  18:28  Overseer x3  
  200  18:29  Overseer  
  200  18:37  Spine Crawler x2  
  200  18:39  Spine Crawler  
  200  18:40  Spine Crawler  
  190  18:45  Brood Lord x2, Corruptor x6  
  187  18:49  Corruptor x2  
  189  19:03  Corruptor x4  
  189  19:06  Baneling x4, Spore Crawler  
  189  19:09  Spore Crawler  
  195  19:10  Spore Crawler  
  195  19:11  Zergling x12, Spore Crawler  
  195  19:25  Overlord  
  195  19:28  Overlord  
  195  19:32  Overlord x3  
  195  19:34  Overseer  
  195  19:39  Zerg Flyer Armor Level 2, Zerg Flyer Weapons Level 2  
  195  19:46  Hatchery  
  195  19:47  Spore Crawler  
  195  19:50  Baneling x4  
  193  19:54  Infestor x2  
  197  20:52  Spore Crawler  
  197  20:53  Overseer x2, Spore Crawler  
  197  20:54  Spore Crawler  
  194  20:57  Brood Lord  
  194  20:58  Brood Lord  
  198  21:06  Spore Crawler  
  197  21:19  Spore Crawler  
  196  21:26  Overseer  
  196  21:27  Spine Crawler  
  137  22:10  Corruptor x7  
  137  22:12  Zergling x14  
  137  22:13  Zergling x2  
  133  22:25  Overseer x2  
  133  22:27  Viper x2  
  133  22:28  Overseer  
  139  22:34  Brood Lord x7  
  139  22:47  Brood Lord x2  
  139  22:48  Zergling x2  
  139  22:49  Zergling x12  
  150  23:04  Zergling x6  
  153  23:09  Brood Lord x2  
  153  23:12  Corruptor x3  
  156  23:17  Greater Spire  
  162  23:26  Zergling x6  
  164  23:27  Zergling x10  
  169  23:43  Corruptor x2  
  169  23:46  Baneling x9  
  169  23:47  Queen x2, Zergling x8  
  181  23:51  Hatchery  
  162  24:10  Zergling x16  
  145  24:21  Zergling x6  
  126  24:31  Zergling x2  
  103  24:47  Viper  
  103  24:51  Brood Lord x4  
  110  25:05  Brood Lord x2  
  112  25:11  Drone  
  112  25:12  Drone  
  114  25:18  Queen  
  114  25:21  Brood Lord  
  118  25:23  Queen  
  118  25:25  Drone x2  
  118  25:27  Extractor  
  121  25:37  Corruptor  
  123  25:43  Drone x2  
  125  25:54  Zergling x14  
  132  26:30  Brood Lord x2  
  132  26:31  Queen x2  
  140  26:45  Corruptor x3  
  145  26:54  Infestation Pit  
  139  27:16  Corruptor x2  
  143  27:24  Brood Lord  
  145  27:46  Baneling x2  
  145  27:47  Baneling x3, Zergling x10  
  149  28:03  Zergling x6  
  149  28:04  Zergling x2  
  153  28:17  Brood Lord  
  115  29:07  Zergling x14  
  65  30:14  Infestor  
  67  30:33  Brood Lord  
  69  30:46  Brood Lord  
  71  30:57  Zergling x4  
  73  31:02  Zergling x2  
Show
View Real Time Build Order
Export as new Build Order

Dream Terran - Winner!

Build Orders:  

Get SALT Encoding   

  12  0:00  SCV  
  13  0:12  SCV  
  14  0:18  Supply Depot  
  14  0:24  SCV  
  15  0:40  Barracks  
  15  0:50  Barracks  
  15  0:55  SCV  
  16  1:07  SCV  
  17  1:19  SCV  
  17  1:20  Refinery  
  18  1:26  Marine  
  18  1:31  Orbital Command  
  19  1:34  Supply Depot  
  19  1:38  Marine  
  20  1:44  Marine  
  21  1:47  Bunker  
  21  1:54  Bunker  
  21  1:56  Marine  
  22  2:02  Marine  
  22  2:06  SCV  
  24  2:14  Marine  
  23  2:18  SCV  
  23  2:20  Marine  
  20  2:30  SCV  
  20  2:32  Marine  
  20  2:35  Factory  
  22  2:43  SCV  
  23  2:51  Command Center  
  23  2:57  SCV  
  24  3:04  Refinery  
  24  3:06  Supply Depot  
  24  3:09  SCV  
  25  3:19  Hellion  
  27  3:21  Starport, SCV  
  28  3:34  SCV  
  31  3:41  Hellion  
  31  3:46  SCV  
  32  3:58  SCV, Starport Tech Lab  
  32  4:00  Command Center  
  33  4:07  Orbital Command  
  33  4:10  SCV  
  33  4:16  Banshee  
  37  4:23  SCV  
  38  4:24  Barracks Tech Lab  
  38  4:25  Factory Reactor  
  38  4:30  Barracks Reactor  
  38  4:35  SCV  
  39  4:39  SCV  
  39  4:43  Marine, Stimpack  
  41  4:47  SCV  
  41  4:52  SCV  
  43  4:59  SCV  
  44  5:01  Marine  
  44  5:04  SCV  
  44  5:05  Barracks  
  46  5:08  Starport Reactor  
  46  5:10  Marine x2  
  46  5:12  Orbital Command  
  46  5:13  Engineering Bay  
  46  5:14  Engineering Bay  
  48  5:15  SCV  
  48  5:20  Marine  
  50  5:22  SCV  
  50  5:23  Supply Depot  
  50  5:27  SCV  
  52  5:29  Marine x2  
  52  5:31  Refinery  
  52  5:35  Refinery  
  54  5:36  SCV  
  54  5:39  SCV  
  56  5:43  Terran Infantry Armor Level 1, Terran Infantry Weapons Level 1  
  56  5:46  SCV, Marine  
  56  5:48  SCV  
  59  5:50  Marine  
  59  5:52  SCV  
  59  5:53  Medivac  
  63  5:57  Medivac  
  63  6:00  SCV  
  63  6:02  SCV  
  63  6:03  Marine x2  
  69  6:05  SCV  
  69  6:07  Marine  
  69  6:08  Marine  
  69  6:10  Supply Depot  
  69  6:11  Marine  
  73  6:14  SCV  
  73  6:15  Orbital Command  
  74  6:18  Supply Depot  
  74  6:23  Marine x2  
  76  6:26  Combat Shield  
  76  6:31  Medivac  
  76  6:32  SCV x2, Siege Tank  
  83  6:34  Marine, Supply Depot  
  83  6:38  Marine  
  85  6:40  Marine  
  85  6:43  SCV  
  85  6:44  SCV  
  85  6:46  Barracks  
  88  6:48  SCV  
  88  6:49  Supply Depot  
  88  6:50  Marine, Medivac  
  92  6:57  SCV, Armory  
  92  6:59  Marine x2  
  94  7:02  SCV  
  94  7:05  Marine x2  
  94  7:07  SCV  
  95  7:09  SCV  
  95  7:14  Marine  
  94  7:16  SCV  
  94  7:17  Marine x2  
  94  7:19  SCV  
  94  7:21  SCV  
  94  7:22  Marine, Medivac  
  96  7:23  Marine  
  96  7:28  SCV  
  96  7:29  Medivac  
  101  7:31  SCV  
  101  7:33  SCV  
  101  7:34  Siege Tank  
  101  7:36  Barracks Reactor  
  106  7:40  SCV  
  106  7:43  Barracks, Marine  
  109  7:48  Marine  
  109  7:50  Supply Depot  
  109  7:53  Marine, Supply Depot  
  109  7:54  Supply Depot  
  109  7:57  Marine  
  109  8:04  Terran Infantry Armor Level 2, Terran Infantry Weapons Level 2  
  109  8:08  Refinery  
  109  8:12  SCV x3, Marine x2, Siege Tank  
  117  8:15  Marine x4  
  117  8:16  Marine  
  116  8:25  Liberator  
  119  8:28  Liberator  
  119  8:30  Marine x2  
  119  8:32  Marine  
  119  8:33  Marine x2  
  125  8:35  SCV x2  
  125  8:36  Marine x2  
  125  8:39  Barracks Reactor  
  123  8:47  Marine x2  
  117  8:50  Marine x3  
  117  8:52  Siege Tank  
  123  8:59  Command Center  
  123  9:00  Supply Depot  
  123  9:01  Marine, Supply Depot  
  124  9:07  Marine  
  124  9:08  Marine  
  124  9:09  Refinery  
  126  9:10  Marine  
  126  9:11  Marine x3  
  130  9:18  Marine  
  130  9:19  Marine x2  
  130  9:23  Liberator  
  130  9:24  Liberator  
  139  9:25  Marine  
  139  9:26  Marine, Supply Depot  
  139  9:28  Marine  
  139  9:29  Marine x2  
  147  9:31  Marine  
  147  9:36  Marine  
  149  9:44  Marine  
  149  9:45  Marine  
  149  9:46  Marine  
  149  9:47  Marine x4  
  149  9:49  Supply Depot, Marine, Siege Tank, Terran Vehicle Weapons Level 1  
  149  9:50  Supply Depot x2  
  154  9:55  Sensor Tower  
  154  9:58  Marine  
  155  10:02  Marine  
  155  10:03  Marine  
  155  10:04  Marine  
  155  10:05  Marine x3  
  161  10:09  Liberator  
  161  10:10  Liberator  
  161  10:11  Marine  
  168  10:14  Marine  
  168  10:20  Marine x2  
  171  10:23  Siege Tank  
  174  10:34  Marine x2  
  174  10:35  Marine x2  
  154  10:36  Marine  
  152  10:44  SCV x2  
  152  10:45  SCV  
  155  10:51  Planetary Fortress  
  155  10:52  Liberator  
  155  10:53  Liberator  
  155  10:55  Marine x4, Siege Tank  
  155  10:56  SCV  
  155  10:57  SCV x2, Marine x2  
  173  11:09  Terran Infantry Weapons Level 3, SCV  
  173  11:10  Terran Infantry Armor Level 3  
  172  11:14  Refinery x2, SCV x2  
  172  11:17  Marine x3  
  177  11:22  Marine x4  
  177  11:23  Marine  
  176  11:31  Marine  
  177  11:34  Medivac  
  177  11:36  Medivac  
  181  11:41  Marine x2  
  181  11:46  Siege Tank  
  186  11:47  Factory  
  186  11:50  Factory  
  186  11:57  SCV x3  
  186  11:58  Command Center  
  189  12:02  Command Center  
  189  12:08  SCV  
  190  12:09  SCV x3  
  190  12:13  Marauder  
  190  12:15  Ghost Academy  
  195  12:16  Terran Vehicle Weapons Level 2  
  195  12:20  Barracks  
  195  12:21  Barracks Tech Lab  
  195  12:32  Factory Tech Lab, Siege Tank  
  198  12:39  Factory Tech Lab  
  198  12:40  Barracks  
  198  12:46  Command Center  
  198  12:48  Command Center  
  198  12:51  Missile Turret  
  198  13:04  Siege Tank  
  198  13:06  Personal Cloaking  
  190  13:15  Siege Tank x2  
  194  13:26  Planetary Fortress  
  194  13:37  Siege Tank  
  184  13:46  Ghost x2  
  184  13:47  Siege Tank x2  
  181  13:52  Barracks Tech Lab  
  181  13:53  Barracks Tech Lab  
  181  13:57  Missile Turret  
  181  14:00  Orbital Command  
  178  14:08  Refinery, Missile Turret  
  178  14:09  Siege Tank  
  166  14:11  Refinery  
  166  14:14  Ghost x2  
  170  14:19  Siege Tank x2  
  170  14:21  Orbital Command  
  170  14:23  Ghost x2, Viking x2  
  184  14:25  Neosteel Armor  
  184  14:26  Hi-Sec Auto Tracking  
  184  14:30  Command Center  
  180  14:41  Sensor Tower, Siege Tank  
  183  14:45  Ghost  
  183  14:46  Ghost  
  183  14:52  Ghost x2, Viking  
  191  14:53  Viking  
  191  14:58  Sensor Tower  
  194  15:09  Command Center  
  191  15:15  Missile Turret  
  178  15:31  Siege Tank x3  
  178  15:32  Ghost  
  178  15:33  Missile Turret  
  178  15:34  Orbital Command, Command Center, Missile Turret  
  178  15:35  Sensor Tower  
  183  15:47  Planetary Fortress  
  183  15:57  Ghost x3  
  183  15:58  Terran Vehicle Weapons Level 3  
  183  16:01  Ghost  
  176  16:24  Marine  
  176  16:25  Ghost, Marine x5  
  182  16:26  Marine, Ghost  
  182  16:29  Missile Turret  
  182  16:32  Command Center  
  180  16:41  Siege Tank  
  180  16:45  Ghost x2  
  187  16:54  Ghost x2  
  191  17:13  Ghost  
  193  17:20  Missile Turret  
  193  17:22  Thor  
  199  17:24  Sensor Tower, Missile Turret  
  199  17:30  Ghost Academy  
  199  17:31  Nuke  
  199  17:32  Ghost Academy  
  182  18:14  Enhanced Shockwaves  
  182  18:16  Thor  
  182  18:17  Thor x2  
  200  18:31  Planetary Fortress  
  200  18:39  Missile Turret  
  200  18:42  Command Center  
  200  18:43  Missile Turret  
  200  18:46  Nuke x2  
  200  18:58  Missile Turret  
  200  19:15  Missile Turret  
  193  19:21  Thor  
  197  19:38  Thor  
  195  19:39  Thor  
  198  19:46  Planetary Fortress  
  197  20:08  Refinery x2  
  190  20:16  Orbital Command  
  185  20:31  Command Center  
  185  20:34  Viking, Thor x3  
  185  20:35  Viking  
  189  21:07  Planetary Fortress  
  189  21:14  Missile Turret  
  189  21:16  Missile Turret  
  189  21:17  Thor  
  190  21:44  Thor  
  196  21:48  Terran Vehicle And Ship Armor Level 1  
  196  21:59  Thor  
  187  22:02  Thor  
  151  22:10  Marine, Ghost x4  
  151  22:12  Marine  
  151  22:15  Marine  
  128  22:16  Marine  
  128  22:19  Viking  
  106  22:22  Nuke  
  106  22:24  Marine  
  106  22:25  Marine  
  106  22:27  Thor  
  106  22:28  Marine  
  106  22:29  Viking  
  116  22:30  Marine  
  116  22:32  Marine  
  116  22:36  Marine  
  119  22:38  Ghost x4  
  119  22:42  Marine x2, Thor  
  135  22:45  Thor  
  135  22:48  Marine x2  
  135  22:50  Marine  
  144  22:54  Nuke x2, Marine  
  143  23:00  Marine  
  143  23:04  Marine  
  143  23:06  Marine  
  143  23:07  Ghost  
  143  23:08  Marauder  
  143  23:10  Thor  
  152  23:17  Ghost  
  152  23:18  Marine x2  
  148  23:20  Marine  
  148  23:25  Siege Tank  
  149  23:28  Medivac x2, Siege Tank  
  149  23:33  Marine x3  
  156  23:37  Marine  
  157  23:48  Marine x5  
  157  23:53  Siege Tank  
  165  23:57  Thor  
  165  23:58  Viking  
  165  24:00  Thor  
  138  24:18  Marine x2  
  138  24:19  Marine x2  
  117  24:24  Thor  
  117  24:27  Ghost x4  
  117  24:28  Marine x2  
  110  24:36  Marine x2  
  99  24:40  Thor  
  99  24:42  Marine  
  99  24:43  Marine, Thor  
  95  24:46  Marine x2  
  95  24:47  Medivac  
  95  24:52  Medivac  
  101  24:54  Marine  
  101  24:55  Marine  
  101  24:56  Ghost x2  
  101  24:57  Marine  
  101  24:59  Marine  
  108  25:03  Marine x3  
  111  25:07  Marine  
  111  25:12  Marine  
  111  25:13  Marine  
  114  25:18  Siege Tank  
  117  25:23  Siege Tank  
  117  25:27  Siege Tank  
  123  25:29  Marine x3  
  123  25:34  Medivac  
  128  25:36  Medivac  
  128  25:38  Marine  
  128  25:39  Marine  
  128  25:42  Marine  
  133  25:45  Marine  
  133  25:46  Marine x3  
  133  25:47  Marine  
  138  26:04  Medivac  
  138  26:12  Thor x3  
  138  26:15  Marine x2  
  138  26:16  Marine x3  
  159  26:29  Marine x4  
  163  26:44  Orbital Command  
  162  26:50  Marine x6  
  162  26:51  Orbital Command  
  168  26:58  Marine  
  168  26:59  Marine  
  174  27:17  Viking x2  
  174  27:18  Thor x2  
  181  27:28  Thor  
  187  27:39  Ghost  
  178  28:02  Ghost  
  178  28:03  Ghost x2  
  184  28:08  Ghost  
  186  28:31  Viking  
  186  28:32  Viking  
  190  28:38  Thor x2  
  143  29:06  Thor  
  121  29:13  Marine x5  
  106  29:18  Marine  
  106  29:21  Thor  
  93  29:25  Marine  
  93  29:28  Marine x3  
  93  29:31  Marine x5  
  76  29:36  Marine  
  82  29:43  Ghost  
  84  29:45  Medivac  
  84  29:49  Marine x5  
  84  29:51  Marine  
  84  29:52  Marine  
  93  29:54  Marine  
  94  30:00  Marine  
  95  30:07  Marine  
  95  30:09  Ghost  
  95  30:13  Marine x5  
  103  30:16  Marine x2  
  103  30:18  Marine  
  106  30:25  Marine  
  105  30:39  Marine x9  
  105  30:42  Marine  
  113  30:58  Marine x3  
Tags
 
Add a new tag
Caveats
  • Supply blocks, unpowered buildings, or Contaminate may cause inaccurate times.
  • Supply counts are checked every 10 seconds.